 Dungeon Crawl Stone Soup version 0.27-a0-242-ge0fc76b88b (webtiles) character file.

Game seed: 11963154967840908914

82 tsouns the Skirmisher (level 4, -2/63 HPs)
             Began as a Hill Orc Delver on Feb 2, 2021.
             Succumbed to an orc wizard's poison
             ... on level 2 of the Dungeon.
             The game lasted 00:02:50 (2512 turns).

tsouns the Skirmisher (Hill Orc Delver)             Turns: 2512, Time: 00:02:51

Health: -2/63      AC: 22    Str: 15    XL:     4   Next: 43%
Magic:  4/4        EV:  2    Int: 10    God:
Gold:   37         SH:  0    Dex: 12    Spells: 3/3 levels left

rFire    . . .     SeeInvis .   j - +0 war axe
rCold    . . .     Faith    .   (no shield)
rNeg     + + +     Spirit   .   (armour currently unavailable)
rPois    +         Reflect  .   (helmet currently unavailable)
rElec    .         Harm     .   (cloak currently unavailable)
rCorr    .         Rampage  .   (gloves currently unavailable)
Will     .....     NoTele   +   (boots currently unavailable)
Stlth    ++........             (no amulet)
HPRegen  0.20/turn              (no ring)
MPRegen  0.09/turn              (no ring)

@: mighty, lethally poisoned (-2 -> -35), tree-form
A: no striking features
a: no special abilities


You were on level 2 of the Dungeon.
You were a tree.
You visited 1 branch of the dungeon, and saw 4 of its levels.

You collected 37 gold pieces.

Inventory:

Hand Weapons
 a - a +0 hand axe
 j - a +0 war axe (weapon)
Missiles
 d - 6 boomerangs (quivered)
Armour
 b - a +1 leather armour (melded)
Wands
 g - a wand of digging (3)
Scrolls
 c - 2 scrolls of fog
 e - a scroll of fear
 h - a scroll of teleportation
 i - a scroll of amnesia
Potions
 f - a potion of haste


   Skills:
 + Level 5.0 Fighting
 + Level 4.6 Axes
 - Level 1.5 Dodging
 - Level 4.1 Stealth


You had 3 spell levels left.
You didn't know any spells.
Your spell library contained the following spells:

 Spells                   Type           Power        Failure   Level
 Magic Dart               Conj           0%           36%         1
 Blink                    Tloc           N/A          50%         2
 Call Imp                 Summ           0%           50%         2
 Slow                     Hex            0%           50%         2
 Conjure Flame            Conj/Fire      0%           75%         3
 Mephitic Cloud           Conj/Pois/Air  0%           75%         3


Dungeon Overview and Level Annotations

Branches:
Dungeon (5/15)
 Temple: D:4-7

Altars:


Message History

It was a potion of lignification.
You turn into a tree.
Your +1 leather armour melds into your body.
Your roots penetrate the ground.
* * * LOW HITPOINT WARNING * * *
You feel very sick. Something hits you but does no damage.
You are more poisoned.
It was a potion of flight.
Your roots keep you in place.
* * * LOW HITPOINT WARNING * * *
You feel very sick. Something hits you but does no damage.
Unknown command.
You closely miss something.
* * * LOW HITPOINT WARNING * * *
You feel very sick. Something hits you but does no damage.
You slash something!
Reactivating autopickup.
You feel a bit more experienced.
You die...

#.............#
#.###########.#### #.#
#)..<...... #.# #.##.#.####
#.######.##.#.# #.......[...#.#
########.####.#
#######################'####.#
................♣)>.......##.#
#######.#.########).......##.#
#.#.# #........##.# #.#.#
#........##.#
#######)#.########........##.####
.......†........(#........##.....
........#.######.#........#######
.########.#...............'......
..# #.#..####.........#######


There were no monsters in sight!

Vanquished Creatures
  An orc wizard (D:2)
  2 adders
  3 worms (D:2)
  A dart slug (D:2)
  A leopard gecko (D:3)
  7 orcs
  A ball python (D:2)
  3 bats
  2 giant cockroaches
  4 goblins (D:2)
  5 hobgoblins (D:2)
  A quokka (D:2)
  7 frilled lizards (D:2)
  3 kobolds (D:2)
  5 rats
46 creatures vanquished.

Notes
Turn   | Place    | Note
-------+----------+-------------------------------------------
     0 | D:5      | tsouns the Hill Orc Delver began the quest for the Orb.
     0 | D:5      | Reached XP level 1. HP: 19/19 MP: 1/1
   323 | D:2      | Reached XP level 2. HP: 6/27 MP: 2/2
   325 | D:2      | Reached skill level 4 in Fighting
   661 | D:2      | Reached XP level 3. HP: 26/34 MP: 3/3
  2228 | D:3      | Reached XP level 4. HP: 32/41 MP: 4/4
  2453 | D:2      | Reached skill level 5 in Fighting
  2511 | D:2      | HP: 1/63 [poisoned by an orc wizard]
  2512 | D:2      | Succumbed to an orc wizard's poison

Illustrated notes

Levels and vault maps discovered:
D:2:      layout_basic, minmay_misc_feat_diagonals, minmay_lizard_pond
D:3:      layout_rooms, lemuel_doored_altar, minmay_hedge_maze,
          hangedman_abyss_or_decor_stabs
D:4:      layout_loops_ring
D:5:      layout_loops_corners, uniq_edmund

Skill      XL: |  1  2  3  4 |
---------------+-------------+-----
Axes           | 3 4 |  4.6
Fighting       | 4 5 |  5.0
Dodging        | |  1.5
Stealth        | |  4.1

Action                   |  1- 3 |  4- 6 || total
-------------------------+-------+-------++-------
Melee: Hand axe          |   137 |    26 ||   163
       War axe           |       |    13 ||    13
  Use: Scroll            |     8 |       ||     8
       Potion            |       |     4 ||     4
 Stab: Sleeping          |     4 |       ||     4
Armor: Leather armour    |    40 |    20 ||    60
       Skin              |       |     3 ||     3
Dodge: Dodged            |    77 |    28 ||   105

Table legend: (Time is in decaauts)
 A = Elapsed time spent in this place.
 B = Non-inter-level travel time spent in this place.
 C = Inter-level travel time spent in this place.
 D = Time resting spent in this place.
 E = Time spent auto-exploring this place.
 F = Levels seen in this place.
 G = Mean time per level.
                   A        B        C        D        E       F      G
               +--------+--------+--------+--------+--------+-----+--------+
         Total |   2535 |   2484 |     51 |      0 |   2064 |   4 |  633.8 |
       Dungeon |   2535 |   2484 |     51 |      0 |   2064 |   4 |  633.8 |
               +--------+--------+--------+--------+--------+-----+--------+

Top non-repeatable levels by time:
     D:2: 2214 daAuts
     D:3: 247 daAuts
     D:4: 42 daAuts
     D:5: 30 daAuts
